 Dungeon Crawl Stone Soup version 0.13-a0-2859-gb62c5ab (console) character file.

68246 Illaniel the Carver (level 14, -8/92 HPs)
             Began as a High Elf Skald on Aug 27, 2013.
             Was a High Priest of Okawaru.
             Mangled by a death yak (9 damage)
             ... on Level 8 of the Lair of Beasts on Aug 28, 2013.
             The game lasted 03:42:50 (30099 turns).

Illaniel the Carver (High Elf Skald)               Turns: 30099, Time: 03:42:50

HP  -8/92        AC 15     Str 19      XL: 14   Next: 80%
MP   5/34        EV 23     Int 21      God: Okawaru [*****.]
Gold 1387        SH  0     Dex 16      Spells:  6 memorised, 21 levels left

Res.Fire  : + + .   See Invis. : .   a - +8,+2 great sword (slice)
Res.Cold  : + . .   Warding    : .   x - +0 orc leather armour {rPois}
Life Prot.: . . .   Conserve   : .   (no shield)
Res.Poison: +       Res.Corr.  : .   j - +0 helmet
Res.Elec. : .       Clarity    : .   C - +0 cloak
Sust.Abil.: + .     Spirit.Shd : .   c - +0 pair of gauntlets
Res.Mut.  : +       Stasis     : .   b - +0 pair of boots {rF+}
Res.Rott. : .       Flight     : .   K - amulet of resist mutation
Saprovore : . . .                    l - ring of sustain abilities
                                     W - ring of Bueh {+Fly rF+ rC+ Str+3}

@: icy armour, mighty, heroism, finesse, somewhat resistant to hostile
enchantments, extremely stealthy
A: no striking features
a: Heroism, Finesse, Renounce Religion, Stop Singing, Evoke Flight


You were on level 8 of the Lair of Beasts.
You worshipped Okawaru.
Okawaru was exalted by your worship.
You were near starving.

You visited 3 branches of the dungeon, and saw 22 of its levels.
You also visited: Labyrinth and Volcano.

You collected 1367 gold pieces.

Inventory:

Hand weapons
 a - a +8,+2 great sword of slicing (weapon)
 f - a +0,+2 scimitar of flaming
 h - a +1,+3 orcish falchion of holy wrath
 v - a +0 blowgun
Missiles
 z - 70 poisoned needles
 L - 12 curare-tipped needles
Armour
 b - a +0 pair of boots of fire resistance (worn)
 c - a +0 pair of gauntlets (worn)
 g - a +2 animal skin of fire resistance
 j - a +0 helmet (worn)
 x - a +0 orcish leather armour of poison resistance (worn)
 C - a +0 cloak (worn)
Magical devices
 n - a wand of heal wounds (5)
 p - a wand of flame (6)
 y - a wand of hasting (3)
 B - a wand of frost (2)
 F - a wand of teleportation (4)
 N - a wand of heal wounds (2)
 R - a wand of digging (9)
 T - a wand of magic darts (7)
Comestibles
 m - a bread ration
 M - 2 beef jerkies
 O - a rambutan
 S - 15 sultanas
Scrolls
 i - a scroll of identify
 k - 4 scrolls of random uselessness
 o - 3 scrolls of fog
 q - 2 scrolls of curse jewellery
 s - 5 scrolls of curse armour
 u - 7 scrolls of remove curse
 P - a scroll of noise
 U - a scroll of enchant armour
 X - 2 scrolls of teleportation
 Y - 2 scrolls of curse weapon
 Z - a scroll of holy word
Jewellery
 d - an uncursed ring of see invisible
 l - a ring of sustain abilities (right hand)
 r - a +4 ring of dexterity
 G - a +4 ring of intelligence
 K - an amulet of resist mutation (around neck)
 W - the ring of Bueh (left hand) {+Fly rF+ rC+ Str+3}
   (You found it on level 8 of the Lair of Beasts)

   [ring of flight]

   It affects your strength (+3).
   It protects you from fire.
   It protects you from cold.
Potions
 e - 3 potions of restore abilities
 t - 4 potions of slowing
 w - a potion of confusion
 A - a potion of resistance
 D - a potion of might
 H - a potion of porridge
 I - a potion of poison
 J - 2 potions of degeneration
Books
 E - a book of Frost

   Spells                             Type                      Level
   Freeze                             Ice                          1
   Throw Frost                        Conjuration/Ice              2
   *Ozocubu's Armour                  Charms/Ice                   3
   Throw Icicle                       Conjuration/Ice              4
   Summon Ice Beast                   Ice/Summoning                4
   Condensation Shield                Ice                          4
Rods
 V - a +3 rod of venom (10/10)
   (You found it in a labyrinth)


   Skills:
 * Level 9.4(14.4) Fighting
 * Level 11.0(16.0) Long Blades
 * Level 8.3(13.3) Armour
 * Level 10.9(15.9) Dodging
 + Level 8.1(13.1) Stealth
 * Level 10.9 Spellcasting
 - Level 3.1 Hexes
 + Level 10.6 Charms
   Level 5.0 Translocations
 + Level 1.7 Ice Magic
 * Level 9.3 Air Magic
 * Level 9.5 Invocations


You had 21 spell levels left.
You knew the following spells:

 Your Spells              Type           Power        Failure   Level  Hunger
a - Infusion              Chrm           ######       1%          1    None
b - Song of Slaying       Chrm           ######....   1%          2    None
c - Spectral Weapon       Hex/Chrm       #####...     1%          3    None
f - Repel Missiles        Chrm/Air       ######....   1%          2    None
g - Ozocubu's Armour      Chrm/Ice       #####.....   1%          3    None
P - Cure Poison           Pois           ##........   12%         2    None


Dungeon Overview and Level Annotations

Branches:
Dungeon (13/27)            Temple (1/1) D:6             Orc (0/4) D:10
   Lair (8/8) D:11         Shoals (0/5) Lair:4        Snake (0/5) Lair:4
  Slime (0/6) Lair:7

Altars:
Ashenzari
Cheibriados
Elyvilon
Fedhas
Kikubaaqudgha
Makhleb
Nemelex Xobeh
Okawaru
Sif Muna
Trog
Vehumet
Xom
Yredelemnul
Zin
the Shining One

Shops:
D:8 /}[*   D:10 (   D:13 }

Annotations:
D:7 1 exclusion
D:8 exclusion: oklob sapling
Lair:7 exclusions: 3 jellies and 3 more exclusions


Message History

You kill the yak!
Okawaru accepts your kill.
You slice the yak!!
The yak is severely wounded.
The death yak gores your spectral weapon!
Your spectral weapon shares its damage with you!
Your spectral weapon fades away.
Drink which item? (? for menu, Esc to quit)
Okay, then.
Casting: Spectral Weapon
Confirm with . or Enter, or press ? or * to list all spells.
You start singing a song of slaying.
The yak gores you.
* * * LOW HITPOINT WARNING * * *
You slash the yak!
You kill the yak!
Okawaru accepts your kill. The death yak gores you!
* * * LOW HITPOINT WARNING * * *
The death yak gores you!
You die...

∙∙∙∙∙∙∙∙∙∙∙∙∙∙∙∙∙∙▒
∙∙∙∙∙∙∙∙∙∙∙∙∙∙∙∙∙▒▒
∙∙∙∙∙∙∙∙∙∙∙∙∙∙Pf▒▒
∙∙∙∙∙∙∙∙∙∙∙∙∙∙P▒▒
∙∙∙∙∙∙∙∙∙∙∙∙∙P∙▒▒▒▒
∙∙P∙∙∙∙∙∙∙∙∙∙∙∙∙∙∙▒
∙∙∙∙∙∙∙∙∙∙∙∙∙∙∙∙∙▒▒
∙▒∙∙∙∙∙∙∙∙∙∙∙∙∙∙∙▒
∙∙▒∙∙∙∙∙∙∙∙∙∙∙∙∙∙▒▒
f▒∙∙∙∙∙∙∙∙∙∙∙∙∙∙▒Y▒
∙∙∙∙∙∙∙∙f∙∙∙∙∙∙Y@∙▒
∙∙∙∙∙∙∙∙∙∙∙∙∙Y▒▒▒
∙∙∙∙∙∙∙∙∙∙∙∙∙Y▒
∙∙∙∙∙∙∙∙∙∙%%▒▒▒
∙∙∙∙∙∙∙∙∙∙∙∙▒
∙∙∙∙∙∙∙∙∙∙∙∙▒
∙∙∙∙∙∙∙∙∙∙∙∙▒
∙▒∙∙∙∙∙∙∙∙▒▒
∙∙∙∙∙∙∙∙∙▒


∙∙∙∙∙∙∙∙P ∙∙∙∙∙∙∙▒▒ You could see 3 death yaks.

Vanquished Creatures
  A minotaur (Lab)
  A dragon (Lair:8)
  4 hydras
  11 death yaks (Lair:8)
  The ghost of DasRunzen the Fighter, an experienced MiFi of Okawaru (D:9)
  A naga warrior (Lair:4)
  2 centaur warriors
  A catoblepas (Lair:8)
  Pikel (D:6)
  Joseph (D:7)
  A hill giant (D:13)
  An oklob plant (Lair:4)
  3 griffons
  2 cyclopes (D:12)
  3 black mambas
  Maurice (D:13)
  23 elephants
  A feature mimic (D:11)
  13 spiny frogs
  A queen ant (Lair:5)
  6 fire drakes
  2 trolls
  A wandering mushroom (D:8)
  15 blink frogs
  Sonja (D:11)
  12 komodo dragons
  2 two-headed ogres
  A grizzly bear (Lair:6)
  11 basilisks
  A trapdoor spider zombie (D:10)
  A griffon skeleton (D:13)
  A wraith (D:12)
  4 wyverns
  2 hungry ghosts
  A spiny worm zombie (D:12)
  42 yaks
  A steam dragon (Lair:8)
  7 hippogriffs
  5 manticores
  2 mottled dragons
  3 necrophages
  20 soldier ants (Lair:5)
  Menkaure (D:5)
  5 porcupines
  3 swamp drakes (Lair:8)
  6 nagas (Lair:4)
  2 sky beasts
  3 orc warriors
  10 ogres
  A boring beetle (Lair:4)
  3 phantoms
  2 slaves
  19 crocodiles
  3 ice beasts
  Duvessa (D:6)
  A wyvern zombie (D:13)
  8 centaurs
  A komodo dragon zombie (D:9)
  11 big kobolds
  15 water moccasins
  5 giant slugs
  5 agate snails
  18 giant frogs
  A gnoll sergeant (D:10)
  A hippogriff zombie (D:13)
  A wyvern skeleton (D:8)
  An eye of draining (D:9)
  10 killer bees
  An oklob sapling (D:8)
  7 jellies
  A yak skeleton (D:8)
  4 orc priests
  A quasit (D:10)
  3 goliath beetles
  2 spiders (D:8)
  12 crimson imps
  Dowan (D:6)
  A two-headed ogre zombie (D:11)
  A lava snake (D:11)
  5 scorpions
  11 hounds
  8 iguanas
  3 orc wizards
  30 worker ants
  Ijyb (D:7)
  A big kobold zombie (D:13)
  10 sheep
  3 mummies
  10 gnolls
  48 green rats
  An inept feature mimic (D:8)
  An inept item mimic (D:9)
  32 adders
  5 giant centipedes
  3 giant mites
  12 worms
  A giant centipede zombie (D:13)
  2 adder skeletons
  3 giant eyeballs
  12 giant geckos
  An ooze (Lair:7)
  42 orcs
  9 ball pythons
  21 bats
  A bat skeleton (D:5)
  8 giant cockroaches
  8 goblins
  22 hobgoblins
  13 quokkas
  8 giant newts
  A giant spore (D:13)
  41 jackals
  38 kobolds
  An orc zombie (D:5)
  10 rats
  A rat skeleton (D:6)
  A ballistomycete (D:13)
  A butterfly (D:8)
  2 plants
816 creatures vanquished.

Vanquished Creatures (collateral kills)
  A quokka (Lair:6)
1 creature vanquished.

Vanquished Creatures (others)
  19 spectral weapons
  A rat (D:6)
  2 butterflies (D:8)
  45 fungi
  22 plants
89 creatures vanquished.

Grand Total: 906 creatures vanquished

Notes
Turn   | Place    | Note
--------------------------------------------------------------
     0 | D:1      | Illaniel, the High Elf Skald, began the quest for the Orb.
     0 | D:1      | Reached XP level 1. HP: 13/13 MP: 4/4
    87 | D:1      | Reached skill level 1 in Armour
   150 | D:1      | Reached XP level 2. HP: 13/18 MP: 1/6
   339 | D:1      | Learned a level 2 spell: Shroud of Golubria
   555 | D:1      | Reached XP level 3. HP: 21/23 MP: 1/9
   560 | D:1      | Learned a level 3 spell: Spectral Weapon
  1111 | D:2      | Reached skill level 4 in Charms
  1120 | D:2      | Reached XP level 4. HP: 11/29 MP: 0/12
  1605 | D:2      | Learned a level 2 spell: Song of Slaying
  2094 | D:3      | Reached skill level 1 in Stealth
  2094 | D:3      | Reached XP level 5. HP: 25/34 MP: 5/14
  3485 | D:4      | Noticed an ogre
  3504 | D:4      | Killed an ogre
  3504 | D:4      | Reached skill level 1 in Hexes
  3504 | D:4      | Reached XP level 6. HP: 40/40 MP: 17/17
  3707 | D:5      | Entered Level 5 of the Dungeon
  3718 | D:4      | Reached skill level 1 in Translocations
  4020 | D:5      | Noticed Menkaure
  4149 | D:5      | Reached XP level 7. HP: 41/45 MP: 20/20
  4200 | D:6      | Found a staircase to the Ecumenical Temple.
  4209 | Temple   | Entered the Ecumenical Temple
  4216 | Temple   | Became a worshipper of Warmaster Okawaru
  4730 | D:5      | Paralysed by a giant eyeball for 4 turns
  4838 | D:6      | Noticed Pikel
  5318 | D:5      | Acquired Okawaru's first power
  5329 | D:6      | Killed Pikel
  5329 | D:6      | Reached skill level 5 in Charms
  5329 | D:6      | Reached XP level 8. HP: 18/52 MP: 21/21
  5525 | D:6      | Reached skill level 5 in Spellcasting
  5635 | D:6      | Noticed Dowan
  5638 | D:6      | Noticed Duvessa
  5685 | D:6      | Killed Dowan
  5704 | D:6      | Killed Duvessa
  5892 | D:5      | Killed Menkaure
  5892 | D:5      | Reached skill level 5 in Long Blades
  6166 | D:5      | Reached skill level 5 in Dodging
  6325 | D:5      | Reached skill level 1 in Invocations
  6577 | D:7      | Paralysed by a giant eyeball for 4 turns
  6608 | D:7      | Reached XP level 9. HP: 44/57 MP: 24/24
  6772 | D:7      | Noticed Ijyb
  6784 | D:7      | Killed Ijyb
  6883 | D:7      | Noticed Joseph
  6992 | D:7      | Killed Joseph
  6992 | D:7      | Reached skill level 5 in Fighting
  7682 | D:7      | Reached skill level 6 in Spellcasting
  7929 | D:8      | Found Litaqath's Gadget Emporium.
  8594 | D:8      | Identified Daobof's Handbook of Nature (You found it on level 8 of the Dungeon)
  8607 | D:8      | Learned a level 2 spell: Cure Poison
  8993 | D:8      | Found Acarufo's Magical Wand Shop.
  9270 | D:8      | Found Biadionn's Food Shop.
  9276 | D:8      | Reached XP level 10. HP: 64/64 MP: 26/26
  9287 | D:8      | Biadionn's Food Shop was a mimic.
  9418 | D:8      | Found Gonuh's Armour Boutique.
  9423 | D:8      | Found Uca Ruuf's General Store.
  9564 | D:8      | Reached skill level 5 in Armour
  9630 | D:8      | Found a blossoming altar of Fedhas.
 10431 | D:9      | Noticed DasRunzen's ghost (experienced MiFi)
 10755 | D:9      | Learned a level 2 spell: Repel Missiles
 10939 | D:9      | Reached skill level 1 in Air Magic
 11040 | D:8      | Learned a level 2 spell: Fire Brand
 11201 | D:8      | Reached skill level 7 in Dodging
 11481 | D:9      | Killed DasRunzen's ghost
 11513 | D:9      | Reached skill level 5 in Stealth
 11515 | D:9      | Acquired Okawaru's second power
 12246 | D:10     | Entered Level 10 of the Dungeon
 12295 | D:10     | Reached XP level 11. HP: 42/70 MP: 24/28
 12338 | D:10     | Found a staircase to the Orcish Mines.
 12338 | D:10     | Found Ycyejyqe's Weapon Shoppe.
 12931 | D:10     | Reached skill level 5 in Invocations
 14060 | D:11     | Noticed a centaur warrior
 14065 | D:11     | Paralysed by a giant eyeball for 3 turns
 14070 | D:11     | Killed a centaur warrior
 14076 | D:11     | Paralysed by a giant eyeball for 4 turns
 14395 | D:11     | Found a staircase to the Lair.
 14421 | Lair:1   | Entered Level 1 of the Lair of Beasts
 15745 | Lair:2   | Reached skill level 8 in Charms
 16055 | Lair:2   | Received a gift from Okawaru
 16874 | D:11     | Identified Sif Muna's Catalogue of Dusty Conjuration
 16980 | D:11     | Reached skill level 5 in Air Magic
 17013 | D:11     | Noticed Sonja
 17021 | D:11     | Killed Sonja
 17188 | D:11     | Reached XP level 12. HP: 31/77 MP: 30/30
 18169 | Lair:4   | Found a staircase to the Shoals.
 18209 | Lair:4   | Found a dark tunnel.
 18236 | Volcano  | Entered a volcano
 18785 | Lair:3   | Received a gift from Okawaru
 19011 | Lair:4   | Found a staircase to the Snake Pit.
 19063 | Lair:4   | Upgraded the game from 0.13-a0-2832-g473017b to 0.13-a0-2859-gb62c5ab
 19229 | Lair:4   | Reached skill level 9 in Charms
 20880 | D:13     | Found a labyrinth entrance.
 20891 | Lab      | Entered a labyrinth
 21254 | Lab      | Noticed a minotaur
 21280 | Lab      | Killed a minotaur
 21308 | Lab      | Identified a +3 rod of venom (10/10) (You found it in a labyrinth)
 21358 | D:13     | Found a white marble altar of Elyvilon.
 21382 | D:13     | Reached skill level 5 in Translocations
 21593 | D:13     | Noticed Maurice
 21620 | D:13     | Killed Maurice
 21978 | D:13     | Reached XP level 13. HP: 83/83 MP: 26/32
 22049 | D:13     | Found Syomouh's Gadget Shoppe.
 22318 | D:13     | Found a burning altar of Makhleb.
 23202 | Lair:5   | Received a gift from Okawaru
 24474 | Lair:5   | Reached skill level 10 in Long Blades
 24721 | Lair:7   | Reached skill level 10 in Charms
 24745 | Lair:7   | Received a gift from Okawaru
 24988 | Lair:7   | Reached skill level 10 in Spellcasting
 25141 | Lair:7   | Found a staircase to the Slime Pits.
 25425 | Lair:7   | Reached skill level 10 in Dodging
 25740 | Lair:8   | Entered Level 8 of the Lair of Beasts
 26470 | Lair:8   | Learned a level 3 spell: Ozocubu's Armour
 26910 | Lair:8   | Reached XP level 14. HP: 60/91 MP: 23/33
 27309 | Lair:8   | Received a gift from Okawaru
 27782 | Lair:8   | Reached skill level 1 in Ice Magic
 28353 | Lair:8   | Got an ancient ivory ring
 28356 | Lair:8   | Identified the ring of Bueh {+Fly rF+ rC+ Str+3} (You found it on level 8 of the Lair of Beasts)
 30062 | Lair:8   | Reached skill level 11 in Long Blades
 30099 | Lair:8   | HP: 1/92 [death yak (25)]
 30099 | Lair:8   | Mangled by a death yak

Action                   |  1- 3 |  4- 6 |  7- 9 | 10-12 | 13-15 || total
-------------------------+-------+-------+-------+-------+-------++-------
Melee: Falchion          |   108 |   184 |   113 |   162 |       ||   567
       Scimitar          |       |       |   221 |   158 |   358 ||   737
       Great sword       |       |       |     9 |   496 |   307 ||   812
 Fire: Blowgun           |       |    18 |    59 |    30 |     6 ||   113
       Sling             |       |       |     7 |       |       ||     7
 Cast: Infusion          |    19 |    27 |    45 |   108 |    74 ||   273
       Spectral Weapon   |     3 |    24 |    47 |   145 |    96 ||   315
       Shroud of Golubri |     2 |     8 |    37 |   102 |     2 ||   151
       Song of Slaying   |       |     3 |     4 |    22 |    16 ||    45
       Fire Brand        |       |       |       |    15 |       ||    15
       Repel Missiles    |       |       |       |    11 |     4 ||    15
       Cure Poison       |       |       |       |     6 |     2 ||     8
       Ozocubu's Armour  |       |       |       |       |    29 ||    29
Invok: Heroism           |       |       |     3 |    22 |    11 ||    36
       Finesse           |       |       |       |     6 |     1 ||     7
Evoke: Wand              |       |       |    11 |    24 |    26 ||    61
  Use: Scroll            |       |    17 |    10 |    18 |    13 ||    58
       Potion            |       |     1 |     2 |    14 |     7 ||    24
 Stab: Distracted        |       |       |     2 |     8 |    16 ||    26
       Sleeping          |       |       |     1 |    25 |     8 ||    34
